 Dungeon Crawl Stone Soup version 0.29.1-4-g47bece8355 (webtiles) character file.

Game seed: 16188011910246420369

3513 styxcanada the Covert (level 9, -3/45 HPs)
             Began as a Spriggan Brigand on Dec 2, 2022.
             Was an Initiate of Gozag.
             Slain by a wyvern (18 damage)
             ... on level 7 of the Dungeon on Dec 3, 2022.
             The game lasted 00:29:11 (9294 turns).

styxcanada the Covert (Spriggan Brigand)            Turns: 9294, Time: 00:29:12

Health: -3/45      AC:  4    Str:  7    XL:     9   Next: 81%
Magic:  17/17      EV: 22    Int: 12    God:    Gozag
Gold:   267        SH:  5    Dex: 21    Spells: 16/18 levels left

rFire   + . .      SeeInvis +   n - +7 short sword (holy)
rCold   . . .      Faith    .   (no shield)
rNeg    + . .      Spirit   .   b - +1 robe
rPois   .          Reflect  +   (helmet restricted)
rElec   .          Harm     .   c - +0 cloak
rCorr   .          Rampage  .   (gloves unavailable)
Will    +....                   (boots unavailable)
Stlth   +++++.....              m - amulet of reflection
HPRegen 0.15/turn               h - ring of protection from fire
MPRegen 0.15/turn               r - ring of positive energy

@: lethally poisoned (-3 -> -6), very quick
A: very small, no large weapons, unfitting armour, see invisible, speed 3
a: Renounce Religion, Potion Petition, Call Merchant, Bribe Branch


You were on level 7 of the Dungeon.
You worshipped Gozag.
Gozag was aware of your devotion.
You visited 2 branches of the dungeon, and saw 8 of its levels.

You collected 383 gold pieces.
You paid 116 gold pieces to Gozag.

Inventory:

Hand Weapons
 a - a +3 dagger
 j - a +1 sling
 n - a +7 short sword of holy wrath (weapon)
 x - a +1 dagger of venom
Missiles
 d - 39 poisoned darts (quivered)
 e - 3 curare-tipped darts
 g - 76 stones
 i - 13 boomerangs
 s - a throwing net
Armour
 b - a +1 robe (worn)
 c - a +0 cloak (worn)
Jewellery
 h - a ring of protection from fire (left hand)
 m - an amulet of reflection (around neck)
 r - a ring of positive energy (right hand)
 u - a ring of poison resistance
 w - a ring of positive energy
Wands
 o - a wand of polymorph (12)
 q - a wand of flame (11)
Scrolls
 t - a scroll of fear
 v - 2 scrolls of identify
 y - a scroll of blinking {unknown}
Potions
 f - a potion of lignification
 k - a potion of heal wounds
 l - a potion of invisibility
 p - 5 potions of curing


   Skills:
 + Level 4.1 Fighting
 + Level 4.8 Short Blades
 + Level 1.4 Ranged Weapons
 + Level 4.0 Throwing
 * Level 6.6 Dodging
 * Level 12.2 Stealth
 * Level 1.6 Shields
 * Level 5.1 Spellcasting
 * Level 4.6 Hexes
 * Level 3.3 Ice Magic
 * Level 3.0 Evocations


You had 16 spell levels left.
You knew the following spells:

 Your Spells              Type           Power      Damage    Failure   Level
a - Ensorcelled Hibernat  Hex/Ice        24%        N/A       6%          2

Your spell library contained the following spells:

 Spells                   Type           Power      Damage    Failure   Level
 Dazzling Flash           Conj/Hex       16%        N/A       22%         3
 Portal Projectile        Hex/Tloc       16%        N/A       22%         3
 Blink                    Tloc           6%         N/A       30%         2
 Scorch                   Fire           6%         2d5       30%         2
 Call Canine Familiar     Summ           3%         N/A       52%         3
 Lesser Beckoning         Tloc           3%         N/A       52%         3
 Spider Form              Tmut/Pois      3%         N/A       52%         3
 Anguish                  Hex/Necr       4%         N/A       58%         4
 Leda's Liquefaction      Hex/Erth       4%         N/A       58%         4
 Flame Wave               Conj/Fire      3%         2d5       89%         4
 Iskenderun's Mystic Bla  Conj/Tloc      3%         2d3       89%         4
 Fireball                 Conj/Fire      1%         3d3       99%         5
 Manifold Assault         Tloc           3%         N/A       99%         5
 Starburst                Conj/Fire      1%         6d3       100%        6
 Summon Cactus Giant      Summ           1%         N/A       100%        6
 Ignition                 Fire           1%         3d3       100%        8


Dungeon Overview and Level Annotations

Branches:
Dungeon (7/15)             Temple (1/1) D:7

Altars:
Cheibriados
Dithmenos
Gozag
Hepliaklqana
Kikubaaqudgha
Nemelex Xobeh
Okawaru
Qazlal
Ru
Sif Muna
Vehumet
Wu Jian
Xom
Yredelemnul
Zin

Annotations:
D:3 warriortoast's ghost, amateur DrCj
D:4 hawla's ghost, weakling MeIE


Innate Abilities, Weirdness & Mutations

You are very small and have problems with some larger weapons.
You are too small for most types of armour.
You have supernaturally acute eyesight. (SInv)
You cover ground extremely quickly. (Speed+++)


Message History

You open the door.
Found 5 stones.
Found an escape hatch in the ceiling.
There is an open door here.
You see here 5 stones.
The killer bee buzzes angrily.
You hear an angry hiss.
The killer bee stings you. The killer bee stings you!
You are poisoned.
The killer bee poisons you!
You hit the killer bee.
The killer bee is lightly wounded.
You feel sick. The killer bee stings you.
You barely miss the killer bee.
The killer bee is lightly wounded.
You feel sick. The killer bee barely misses you. x2
You hit the killer bee.
The killer bee is lightly wounded.
You feel sick. The killer bee misses you.
A wyvern comes into view.
You block the killer bee's attack.
You puncture the killer bee!
The killer bee is severely wounded.
You feel sick.
The killer bee stings you but does no damage.
You miss the killer bee.
The killer bee is severely wounded.
You feel sick. The killer bee completely misses you.
The killer bee closely misses you.
The killer bee attacks as you move away!
The killer bee stings you.
You are more poisoned.
The killer bee poisons you!
You feel sick.
You feel sick. You block the killer bee's attack.
The killer bee attacks as you move away!
The killer bee barely misses you.
You feel sick.
You feel sick.
You puncture the wyvern!
The wyvern is moderately wounded.
You feel sick. The wyvern bites you!!
You die...
Your body crumbles into a pile of gold.

######.#.# ##.......##
.........###.........#
####.......'.........+
##....###.........#
##...# ##.......##
.....# ##.....##
#.###.## ##...## # ...
##'## #..# #@# ... #l#
##y## ##..(#####
#........# ##<..###.#
....... ####.#### #.#


You could see a wyvern and a killer bee.

Vanquished Creatures
  A troll (D:6)
  A hornet (D:6)
  Menkaure (D:7)
  Edmund (D:4)
  Duvessa (D:5)
  A water moccasin (D:7)
  An ice beast (D:4)
  2 sky beasts (D:6)
  A centaur (D:6)
  An ogre (D:5)
  2 kobold brigands (D:7)
  A phantom (D:6)
  3 bullfrogs
  3 gnoll sergeants
  3 scorpions
  2 necrophages (D:5)
  10 wights
  Dowan (D:5)
  3 killer bees (D:7)
  A howler monkey (D:7)
  A jelly (D:4)
  4 hounds
  A gnoll bouda (D:5)
  Jessica (D:3)
  Ijyb (D:3)
  3 iguanas
  14 gnolls
  8 adders
  2 white imps
  A worm (D:4)
  3 dart slugs
  7 orcs
  8 bats
  7 endoplasms
  3 goblins
  8 hobgoblins
  2 jackals (D:4)
  4 quokkas
  8 ball pythons
  5 frilled lizards
  16 kobolds
  6 rats
153 creatures vanquished.

Notes
Turn   | Place    | Note
-------+----------+-------------------------------------------
     0 | D:1      | styxcanada the Spriggan Brigand began the quest for the
                  | Orb.
     0 | D:1      | Reached XP level 1. HP: 10/10 MP: 2/2
   232 | D:1      | Reached skill level 6 in Stealth
   362 | D:1      | Reached XP level 2. HP: 14/14 MP: 3/3
   671 | D:1      | Reached skill level 1 in Spellcasting
   797 | D:2      | Reached XP level 3. HP: 18/18 MP: 5/5
   800 | D:2      | Learned a level 2 spell: Ensorcelled Hibernation
  1153 | D:2      | Found a stormy altar of Qazlal.
  1561 | D:3      | Reached skill level 7 in Stealth
  1631 | D:3      | Noticed Ijyb
  1682 | D:3      | Killed Ijyb
  1683 | D:3      | Reached XP level 4. HP: 22/23 MP: 7/7
  1763 | D:3      | Found a runed translucent gate.
  1763 | D:3      | Found a runed translucent gate.
  1773 | D:3      | Found a runed translucent gate.
  1952 | D:3      | Found an ornate altar of the Wu Jian Council.
  2071 | D:3      | Found a sacrificial altar of Ru.
  2177 | D:3      | Noticed warriortoast's ghost (amateur DrCj)
  2181 | D:3      | Noticed Jessica
  2188 | D:3      | Killed Jessica
  2333 | D:3      | Reached skill level 1 in Hexes
  2333 | D:3      | Reached XP level 5. HP: 26/26 MP: 8/8
  3139 | D:4      | Found a snail-covered altar of Cheibriados.
  3152 | D:4      | Found a transporter.
  3153 | D:4      | Noticed hawla's ghost (weakling MeIE)
  3153 | D:4      | Identified the +5 great mace "Tormentor" {elec, Dex+2}
  3153 | D:4      | Noticed an ogre
  3364 | D:4      | Noticed an ice beast
  3369 | D:4      | Killed an ice beast
  3370 | D:4      | Reached skill level 8 in Stealth
  3370 | D:4      | Reached skill level 1 in Ice Magic
  3370 | D:4      | Reached XP level 6. HP: 30/30 MP: 8/10
  3394 | D:4      | Noticed Edmund
  3424 | D:4      | Killed Edmund
  3927 | D:4      | Reached XP level 7. HP: 35/35 MP: 11/11
  3931 | D:4      | Reached skill level 9 in Stealth
  4099 | D:4      | Found a transporter.
  4367 | D:5      | Entered Level 5 of the Dungeon
  4547 | D:5      | Reached skill level 10 in Stealth
  4587 | D:5      | Reached XP level 8. HP: 40/40 MP: 13/13
  4617 | D:5      | Found a radiant altar of Vehumet.
  4629 | D:5      | Reached skill level 1 in Ranged Weapons
  4665 | D:5      | HP: 2/40 [gnoll sergeant/+0 spear (9)]
  5269 | D:5      | Noticed Dowan
  5272 | D:5      | Noticed Duvessa
  5337 | D:5      | Killed Duvessa
  5343 | D:5      | HP: 1/40 [Dowan/stone arrow (12)]
  5365 | D:5      | Killed Dowan
  6197 | D:6      | HP: 1/40 [gnoll/+0 flail of protection[a gnoll sergeant]
                  | (7)]
  6579 | D:6      | Reached skill level 11 in Stealth
  6759 | D:6      | Reached skill level 1 in Shields
  6808 | D:6      | Identified the +1 chain mail "Cuess" {rCorr Int+4}
  6876 | D:6      | Reached skill level 5 in Dodging
  7186 | D:6      | Noticed a troll
  7193 | D:6      | Killed a troll
  7194 | D:6      | Reached skill level 1 in Evocations
  7194 | D:6      | Reached XP level 9. HP: 45/45 MP: 16/16
  7866 | D:7      | Identified the +7 mace of Disaster {pain, rElec rC- rN+}
  8260 | D:7      | Found a shimmering altar of Xom.
  8276 | D:7      | Reached skill level 12 in Stealth
  8503 | D:7      | Noticed Menkaure
  8510 | D:7      | Killed Menkaure
  8800 | D:7      | Reached skill level 5 in Spellcasting
  8840 | D:7      | Found a staircase to the Ecumenical Temple.
  8850 | Temple   | Entered the Ecumenical Temple
  8935 | Temple   | Became a worshipper of Gozag Ym Sagoz the Greedy
  9294 | D:7      | Slain by a wyvern

Illustrated notes

Levels and vault maps discovered:
D:1:      dpeg_arrival_short_road, layout_loops_cross
D:2:      layout_loops_cross, basic_altar, minmay_tromino_i4
D:3:      layout_basic, nicolae_ru_path_of_blood, mainiacjoe_overflow_alcove_2,
          gammafunk_ghost_split, uniq_ijyb, uniq_jessica
D:4:      layout_loops_corners, lemuel_tele_altar, gammafunk_ghost_smash,
          minmay_diced_spiral, uniq_edmund
D:5:      layout_loops_cross, nicolae_vehumet_radiance, uniq_duvessa
D:6:      minmay_inner_zag, layout_loops_ring
D:7:      layout_loops_corners, xom_teletrap_fun,
          minmay_temple_entry_statues_fountains, uniq_menkaure
Temple:   nicolae_temple_godzebo

Skill      XL: |  1  2  3  4  5  6  7  8  9 |
---------------+----------------------------+-----
Stealth        | 6 7 8 10 11 12 | 12.2
Dodging        | 2 3 4 5 6 |  6.6
Spellcasting   | 1 2 3 4 5 |  5.1
Fighting       | 2 3 4 |  4.1
Hexes          | 1 2 3 4 |  4.6
Ice Magic      | 1 2 3 |  3.3
Short Blades   | 3 4 |  4.8
Ranged Weapons | 1 |  1.4
Throwing       | 3 4 |  4.0
Shields        | 1 |  1.6
Evocations     | 1 3 |  3.0

Action                   |  1- 3 |  4- 6 |  7- 9 || total
-------------------------+-------+-------+-------++-------
Melee: Dagger            |    87 |    32 |       ||   119
       Punch             |     1 |       |     6 ||     7
       Short sword       |       |    30 |   262 ||   292
 Fire: Sling             |       |     9 |       ||     9
Throw: Dart              |    16 |     9 |    55 ||    80
  Use: Scroll            |     2 |     3 |     8 ||    13
       Potion            |     1 |       |       ||     1
 Stab: Sleeping          |    19 |    10 |    21 ||    50
       Distracted        |       |     2 |       ||     2
Armor: Robe              |    15 |     5 |    11 ||    31
Dodge: Dodged            |    68 |    25 |   163 ||   256
Block: Other             |     3 |    12 |    58 ||    73
       Reflection        |       |       |     1 ||     1
